Map: Terraform LE (Void)

Players

stopcatt - Winner!

  • Race: Zerg Zerg
  • League: Silver

SticklerMac

  • Race: Zerg Zerg
  • League: Silver

VOD

Have the link to the VOD?

Description

Time

  • Played on: Oct. 12, 2015, 9:01 p.m.
  • Length: 11:14
Show
View Real Time Build Order
Export as new Build Order

stopcatt Zerg - Winner!

Build Orders: Pool First 

Get SALT Encoding   

  12  0:01  Drone  
  13  0:13  Overlord  
  13  0:20  Drone  
  14  0:33  Drone  
  14  0:34  Drone  
  16  0:37  Drone  
  17  0:48  Drone, Spawning Pool  
  17  0:57  Drone  
  18  1:08  Drone  
  19  1:19  Hatchery  
  19  1:20  Drone  
  19  1:30  Overlord  
  19  1:34  Queen  
  19  1:38  Extractor  
  20  1:44  Zergling x2  
  21  1:56  Drone  
  22  2:13  Queen  
  22  2:14  Overlord  
  22  2:15  Overlord  
  24  2:25  Overlord  
  24  2:37  Drone x2  
  26  2:47  Queen  
  26  2:49  Metabolic Boost  
  28  2:56  Roach Warren  
  27  2:58  Drone  
  27  2:59  Drone x3  
  27  3:05  Zergling x4  
  32  3:16  Zergling x6  
  28  3:50  Zergling x6  
  31  3:57  Spine Crawler x2  
  31  4:00  Drone x2, Queen  
  31  4:01  Queen  
  35  4:08  Zergling x2  
  36  4:14  Zergling x2  
  33  4:21  Drone  
  33  4:22  Drone  
  35  4:28  Zergling x2  
  37  4:38  Zergling x2  
  37  4:39  Zergling x6  
  38  4:59  Zergling x2  
  41  5:00  Zergling x6  
  40  5:12  Drone x2  
  40  5:13  Queen  
  43  5:43  Roach x7  
  57  6:05  Roach  
  39  6:38  Drone x6  
  45  6:43  Hatchery, Queen  
  46  6:58  Zergling x4  
  48  7:05  Roach  
  48  7:06  Roach  
  38  7:20  Roach x5  
  50  7:37  Roach x5  
  58  7:55  Baneling Nest  
  57  8:00  Roach x4  
  57  8:01  Lair  
  57  8:02  Overlord x2  
  65  8:06  Extractor  
  64  8:21  Roach  
  64  8:22  Roach x3  
  72  8:35  Roach  
  72  8:36  Roach  
  72  8:37  Zergling x2  
  72  8:38  Zergling x10  
  72  8:39  Overlord x2  
  72  9:05  Drone  
  72  9:06  Drone x8  
  81  9:17  Glial Reconstitution  
  81  9:18  Zergling x2  
  81  9:19  Zergling x2  
  83  9:37  Baneling x2  
  82  9:41  Extractor  
  82  9:42  Extractor  
  74  10:23  Roach x12  
  97  10:42  Roach  
Show
View Real Time Build Order
Export as new Build Order

SticklerMac Zerg 

Build Orders: Hatch First, Zergling Baneling 

Get SALT Encoding   

  12  0:01  Drone  
  13  0:13  Overlord  
  13  0:19  Drone  
  14  0:32  Drone x2  
  16  0:36  Drone  
  17  0:57  Hatchery, Drone  
  17  1:01  Drone  
  17  1:03  Extractor  
  17  1:07  Drone  
  18  1:21  Spawning Pool  
  17  1:27  Drone  
  17  1:29  Drone  
  19  1:41  Drone  
  20  1:55  Drone  
  22  2:08  Zergling x2  
  22  2:09  Zergling x2  
  22  2:11  Metabolic Boost  
  22  2:13  Queen  
  22  2:14  Queen  
  27  2:15  Zergling x2  
  28  2:22  Zergling x2  
  28  2:25  Overlord  
  28  2:34  Baneling Nest  
  28  2:35  Drone  
  28  2:43  Drone x2  
  30  2:47  Drone  
  31  2:56  Zergling x4  
  33  3:05  Overlord x2  
  33  3:15  Zergling x2  
  34  3:24  Baneling  
  34  3:25  Baneling x4  
  34  3:26  Zergling x6  
  38  3:27  Zergling x2  
  33  3:49  Zergling x8  
  33  3:50  Zergling x4  
  38  4:02  Zergling x4  
  40  4:15  Zergling x4  
  39  4:22  Baneling x4  
  39  4:23  Zergling x4  
  37  4:51  Zergling x2  
  37  4:52  Zergling x10  
  39  4:57  Zergling x4  
  35  5:11  Zergling x8  
  35  5:12  Zergling x4  
  41  5:15  Baneling x6  
  41  5:16  Baneling x3  
  41  5:19  Zergling x2  
  38  5:37  Zergling x14  
  38  5:38  Zergling x4  
  47  5:44  Zergling x2  
  47  5:49  Baneling  
  48  5:50  Zergling x2, Baneling x3  
  49  6:01  Zergling x4  
  49  6:04  Overlord  
  47  6:24  Zergling x2  
  47  6:25  Zergling x10  
  36  6:34  Zergling x8  
  36  6:35  Zergling x6  
  42  6:43  Zergling x2  
  43  6:49  Zergling x2  
  44  6:55  Zergling x2  
  44  6:57  Zergling x2  
  45  7:04  Zergling x2  
  41  7:13  Zergling x12  
  47  7:25  Zergling x6  
  50  7:31  Zergling x2  
  50  7:36  Zergling x2  
  52  7:43  Zergling x2  
  51  8:18  Zergling x6  
  51  8:19  Zergling x10  
  58  8:27  Hatchery  
  58  8:29  Hatchery  
  56  8:37  Zergling x2  
  56  8:39  Drone x2  
  56  8:41  Overlord x3  
  30  9:11  Roach Warren  
  29  9:40  Zergling x2  
  25  9:54  Roach x11  
  25  9:55  Roach x5  
  50  10:05  Roach  
  50  10:06  Roach  
  44  10:20  Roach  
  34  10:40  Roach  
Tags
 
Add a new tag
Caveats
  • Supply blocks, unpowered buildings, or Contaminate may cause inaccurate times.
  • Supply counts are checked every 10 seconds.